Map: Moonlight Madness LE (Void)

Players

wabbajack

  • Race: Terran Terran
  • League: Grandmaster

FoRV - Winner!

  • Race: Protoss Protoss
  • League: Grandmaster

VOD

Have the link to the VOD?

Description

Time

  • Played on: July 14, 2015, 11:44 a.m.
  • Length: 7:32
Show
View Real Time Build Order
Export as new Build Order

wabbajack Terran 

Build Orders: Siege Tank Drop 

Get SALT Encoding   

  12  0:00  SCV  
  13  0:13  SCV  
  14  0:19  Supply Depot  
  14  0:25  SCV  
  15  0:40  SCV  
  16  0:43  Barracks  
  16  0:49  Refinery  
  16  0:52  SCV  
  17  1:03  Refinery  
  17  1:04  SCV  
  18  1:12  Barracks  
  18  1:17  SCV  
  19  1:29  SCV  
  19  1:32  Marine  
  21  1:34  Supply Depot  
  21  1:43  Orbital Command  
  21  2:07  Factory  
  21  2:09  Barracks Tech Lab  
  21  2:24  Barracks Reactor, Supply Depot  
  21  2:27  SCV  
  22  2:36  Marine  
  23  2:39  SCV  
  24  2:51  SCV  
  24  2:54  Starport  
  24  2:56  Factory Tech Lab  
  25  2:59  Marine  
  25  3:00  Marine  
  25  3:01  Marine  
  28  3:07  SCV  
  29  3:15  Stimpack  
  29  3:24  Command Center  
  29  3:27  SCV  
  30  3:34  Supply Depot  
  30  3:36  Siege Tank  
  30  3:37  Marine x2  
  30  3:38  Marine  
  36  3:46  Starport Reactor  
  36  3:51  SCV  
  37  3:57  Supply Depot  
  37  3:59  Marine  
  37  4:00  Marine x2  
  40  4:12  Supply Depot  
  40  4:18  Siege Tank  
  40  4:19  Marine x2  
  40  4:20  Marine  
  46  4:27  Medivac  
  48  4:38  Orbital Command  
  48  4:47  Medivac  
  48  4:49  Marine x2  
  48  4:51  Marauder  
  54  4:56  Orbital Command  
  54  4:59  Engineering Bay  
  54  5:13  Medivac  
  54  5:14  Marine x3  
  59  5:44  SCV x2  
  61  5:55  Supply Depot  
  61  5:56  SCV, Marine  
  61  5:57  SCV, Marauder, Supply Depot, Marine  
  64  5:58  Siege Tank  
  64  6:04  Medivac  
  72  6:08  SCV  
Show
View Real Time Build Order
Export as new Build Order

FoRV Protoss - Winner!

Build Orders: Oracle Opening 

Get SALT Encoding   

  12  0:01  Probe  
  13  0:14  Pylon  
  13  0:17  Probe  
  14  0:32  Probe (Chrono Boost)  
  15  0:40  Gateway  
  15  0:42  Probe (Chrono Boost)  
  16  0:49  Probe  
  17  0:54  Assimilator  
  17  0:59  Assimilator  
  17  1:01  Probe  
  18  1:05  Pylon  
  18  1:13  Probe  
  19  1:26  Probe (Chrono Boost)  
  20  1:33  Cybernetics Core  
  20  1:38  Probe (Chrono Boost)  
  21  1:45  Probe (Chrono Boost)  
  22  1:55  Probe  
  23  2:07  Probe (Chrono Boost)  
  24  2:10  Stalker (Chrono Boost), Pylon  
  26  2:16  Warp Gate  
  26  2:19  Mothership Core (Chrono Boost)  
  28  2:36  Nexus  
  28  2:38  Probe  
  29  2:45  Stargate  
  29  2:53  Stalker  
  29  2:56  Probe  
  32  3:08  Probe  
  33  3:22  Gateway  
  33  3:23  Gateway  
  33  3:30  Pylon  
  33  3:33  Oracle (Chrono Boost)  
  36  3:41  Probe  
  37  3:50  Robotics Facility  
  37  3:52  Probe  
  39  3:55  Probe  
  39  4:04  Probe  
  40  4:10  Probe  
  40  4:16  Probe  
  42  4:23  Probe  
  43  4:26  Assimilator  
  43  4:28  Probe  
  43  4:30  Assimilator  
  44  4:31  Sentry x2  
  44  4:35  Probe  
  49  4:41  Probe  
  49  4:47  Probe, Warp Prism (Chrono Boost)  
  52  4:56  Probe (Chrono Boost)  
  52  4:58  Robotics Bay  
  52  4:59  Probe (Chrono Boost)  
  54  5:06  Adept  
  57  5:09  Probe (Chrono Boost)  
  57  5:10  Probe (Chrono Boost)  
  58  5:16  Observer (Chrono Boost), Pylon  
  58  5:17  Probe (Chrono Boost)  
  60  5:21  Pylon  
  60  5:34  Probe (Chrono Boost)  
  62  5:35  Probe (Chrono Boost)  
  62  5:46  Probe (Chrono Boost)  
  68  5:51  Probe (Chrono Boost)  
  68  5:53  Disruptor (Chrono Boost)  
  68  5:54  Probe (Chrono Boost)  
  69  5:57  Forge  
  69  5:58  Probe, Forge  
  69  6:02  Pylon x2  
  70  6:09  Probe  
  70  6:10  Probe  
  70  6:20  Stalker  
  70  6:21  Stalker x2  
  70  6:23  Disruptor  
  80  6:27  Disruptor x2 (Chrono Boost)  
  80  6:34  Gateway  
  80  6:36  Gateway  
  80  6:38  Gateway  
  80  6:40  Twilight Council  
  80  6:41  Pylon, Oracle (Chrono Boost)  
  69  7:11  Stalker  
  75  7:28  Stalker  
  75  7:29  Zealot  
Tags
 
Add a new tag
Caveats
  • Supply blocks, unpowered buildings, or Contaminate may cause inaccurate times.
  • Supply counts are checked every 10 seconds.